AoeStats
← After all this time?

Black Forest

503182859Analyzed
3v3 RM · 1mo ago on Aug 30, 2026· 61m 52s· 6 players
Game mode
Random Map
Map size
Normal (6 player)
Population
200
Speed
Normal
Resources
Standard
Victory
Conquest
Starting age
Dark Age
Ending age
Imperial Age
RankedLock teamsTeams togetherTeam positionsShared explorationLock speedFull tech treeHidden civsTurbo modeCheats
Victory
Defeat
🇦🇷 Chinese · Argentina
661
+15
🇺🇸 Khmer · United States
652
+16
🇦🇷 Vietnamese · Argentina
643
+16
🇧🇬 Britons · Bulgaria
679
-17
🇺🇸 Britons · United States
678
-17
🇹🇷 Britons · Türkiye
590
-13
HighEnd_Ent
1:17 Loom
14:11 Feudal Age
16:34 Arson
16:12 Man-at-Arms
21:11 Double-Bit Axe
24:21 Castle Age
23:07 Fletching
23:55 Forging
23:59 Stone Mining
24:00 Gold Mining
24:47 Crossbowman
27:49 Bodkin Arrow
30:05 Iron Casting
31:07 Murder Holes
33:27 Wheelbarrow
34:32 Town Watch
38:10 Imperial Age
36:39 Bow Saw
36:21 Pikeman
37:49 Tusk Swords
39:06 Cavalier
39:08 Elite Battle Elephant
40:11 Scale Barding Armor
39:56 Horse Collar
40:09 Capped Ram
41:43 Hand Cart
42:27 Town Patrol
43:26 Conscription
45:10 Elite Ballista Elephant
47:54 Blast Furnace
46:55 Bracer
54:01 Husbandry
54:44 Siege Ram
ElGordoRegalado
9:39 Feudal Age
10:58 Wheelbarrow
10:59 Horse Collar
12:03 Double-Bit Axe
13:14 Gold Mining
20:02 Castle Age
18:21 Stone Mining
18:48 Padded Archer Armor
18:40 Fletching
21:07 Hand Cart
21:30 Heavy Plow
21:43 Bow Saw
26:42 Stone Shaft Mining
27:50 Leather Archer Armor
27:30 Bodkin Arrow
32:28 Thumb Ring
31:45 Elite Skirmisher
39:10 Imperial Age
37:33 Forging
37:23 Scale Mail Armor
37:28 Scale Barding Armor
38:47 Ballistics
39:30 Imperial Skirmisher
41:16 Two-Man Saw
40:55 Crop Rotation
40:37 Caravan
43:56 Chemistry
43:58 Ring Archer Armor
43:28 Bracer
43:44 Chain Mail Armor
44:05 Iron Casting
43:50 Chain Barding Armor
43:21 Town Watch
43:21 Loom
44:23 Paper Money
43:29 Elite Rattan Archer
44:21 Husbandry
44:34 Bloodlines
43:47 Light Cavalry
52:50 Plate Mail Armor
52:57 Plate Barding Armor
52:53 Plate Mail Armor
ValenBernal6407
0:32 Loom
16:10 Feudal Age
17:16 Double-Bit Axe
17:15 Horse Collar
18:00 Gold Mining
18:01 Stone Mining
22:53 Castle Age
27:12 Caravan
29:35 Bow Saw
34:40 Imperial Age
34:42 Fortified Wall
34:28 Murder Holes
34:45 Scale Barding Armor
34:46 Fishing Lines
36:53 Two-Man Saw
35:56 Heavy Plow
37:59 Conscription
38:36 Wheelbarrow
37:59 Gillnets
39:52 Hand Cart
40:40 Chain Barding Armor
40:29 Husbandry
40:40 Bloodlines
41:11 Cavalier
43:11 Plate Barding Armor
42:38 Padded Archer Armor
42:29 Fletching
42:23 Heavy Rocket Cart
44:21 Town Watch
45:02 Leather Archer Armor
46:02 Town Patrol
46:40 Ring Archer Armor
47:41 Bodkin Arrow
47:48 Heated Shot
48:12 Masonry
50:56 Gold Shaft Mining
51:20 Bracer
51:45 Ballistics
zelda699
0:27 Loom
13:00 Feudal Age
13:29 Double-Bit Axe
13:48 Horse Collar
19:23 Castle Age
17:33 Stone Mining
22:22 Bow Saw
23:53 Gold Mining
25:19 Fletching
26:14 Bodkin Arrow
26:20 Padded Archer Armor
31:41 Yeomen
33:54 Wheelbarrow
35:20 Hand Cart
35:24 Heavy Plow
36:12 Gold Shaft Mining
36:10 Leather Archer Armor
35:52 Pikeman
36:32 Squires
36:18 Arson
36:59 Forging
36:49 Scale Mail Armor
38:49 Iron Casting
42:13 Imperial Age
43:14 Chain Mail Armor
42:36 Elite Longbowman
43:42 Conscription
43:41 Bracer
43:41 Halberdier
45:01 Heavy Scorpion
47:25 Blast Furnace
47:41 Siege Engineers
47:40 Warwolf
50:04 Ballistics
MUSTIBG
0:34 Loom
16:41 Feudal Age
17:32 Double-Bit Axe
23:18 Horse Collar
24:07 Stone Mining
24:10 Gold Mining
27:13 Castle Age
25:30 Fishing Lines
25:45 Fletching
25:56 Padded Archer Armor
31:15 Bodkin Arrow
31:35 Leather Archer Armor
31:25 Heavy Plow
31:37 Bow Saw
32:18 Yeomen
35:35 Imperial Age
34:19 Ballistics
34:15 Masonry
34:10 Elite Skirmisher
36:14 Yeomen
36:23 Murder Holes
37:34 Wheelbarrow
36:45 Town Watch
38:17 Squires
38:18 Pikeman
39:47 Elite Longbowman
41:11 Bracer
41:43 Ring Archer Armor
43:13 Chemistry
43:17 Two-Man Saw
44:54 Warwolf
45:43 Scale Mail Armor
45:54 Forging
46:23 Halberdier
47:24 Hand Cart
After all this time?
2:02 Loom
12:06 Feudal Age
15:58 Stone Mining
17:47 Double-Bit Axe
18:36 Gold Mining
20:22 Horse Collar
24:56 Castle Age
23:43 Fishing Lines
28:23 Bow Saw
29:24 Wheelbarrow
28:12 Crossbowman
30:21 Ballistics
30:29 Gillnets
31:23 Heavy Plow
31:42 Hand Cart
31:48 Fletching
31:58 Padded Archer Armor
35:28 Imperial Age
35:28 Elite Longbowman
37:38 Chemistry
37:11 Bodkin Arrow
37:33 Leather Archer Armor
38:17 Yeomen
53:44 Fortified Wall
52:57 Arbalester
53:43 Bracer
54:14 Ring Archer Armor
Connection lost

Rejoining the realm…

Still unreachable

The connection could not be restored.

Session expired

The server has moved on; the page needs a fresh start.